 Dungeon Crawl Stone Soup version 0.28-a0-265-g048bc9fd10 (webtiles) character file.

Game seed: 4030409370699320667

105 robertstho the Magician (level 5, -9/35 HPs)
             Began as a Djinni Fire Elementalist on Aug 27, 2021.
             Mangled by Edmund (11 damage)
             ... on level 4 of the Dungeon.
             The game lasted 00:05:18 (4404 turns).

robertstho the Magician (Djinni Fire Elementalist)  Turns: 4404, Time: 00:05:18

Health: -9/35      AC:  3    Str:  7    XL:     5   Next: 8%
Gold:   148        EV: 12    Int: 17    God:
                   SH:  0    Dex: 14

rFire   + + .      SeeInvis .   o - +0 war axe
rCold   x . .      Faith    .   (no shield)
rNeg    . . .      Spirit   .   a - +0 robe
rPois   ∞          Reflect  .   (no helmet)
rElec   .          Harm     .   (no cloak)
rCorr   .          Rampage  .   k - +0 pair of gloves
Will    .....                   (boots unavailable)
Stlth   ++........              (no amulet)
HPRegen 0.11/turn               (no ring)
MPRegen 0.00/turn               (no ring)

@: attractive, flying, very slightly contaminated
A: sickness immunity, fire resistance 2, cold vulnerability 1, float, innate
caster, hp casting, extra vitality 1
a: no special abilities


You were on level 4 of the Dungeon.
You visited 1 branch of the dungeon, and saw 4 of its levels.

You collected 148 gold pieces.

Inventory:

Hand Weapons
 o - a +0 war axe (weapon)
Armour
 a - a +0 robe (worn)
 k - a +0 pair of gloves (worn)
Jewellery
 n - a ring of positive energy
Scrolls
 b - 2 scrolls of amnesia {unknown}
 d - a scroll of noise {unknown}
 g - a scroll of silence {unknown}
 h - a scroll of brand weapon {unknown}
 i - a scroll of torment {unknown}
 j - a scroll of vulnerability {unknown}
 m - 2 scrolls of immolation {unknown}
 p - 2 scrolls of teleportation {unknown}
 s - a scroll of fear {unknown}
 t - a scroll of enchant armour {unknown}
Potions
 c - 2 potions of attraction
 e - 3 potions of invisibility {unknown}
 f - a potion of mutation {unknown}
 l - a potion of degeneration {unknown}
 q - a potion of lignification {unknown}
 r - a potion of heal wounds {unknown}


   Skills:
 + Level 0.2 Fighting
 + Level 2.4 Dodging
 + Level 2.2 Stealth
 + Level 3.8 Spellcasting


You couldn't memorise any spells.
You knew the following spells:

 Your Spells              Type           Power      Damage    Failure   Level
a - Foxfire               Conj/Fire      64%        2x1d7     3%          1
b - Conjure Flame         Conj/Fire      16%        6-21      10%         3
c - Inner Flame           Hex/Fire       16%        N/A       10%         3
d - Sticky Flame          Conj/Fire      16%        2d4       32%         4
e - Fireball              Conj/Fire      8%         3d6       67%         5
f - Magic Dart            Conj           64%        1d6       3%          1
g - Ensorcelled Hibernat  Hex/Ice        32%        N/A       4%          2
Your spell library was empty.

Dungeon Overview and Level Annotations

Branches:
Dungeon (4/15)
 Temple: D:4-7

Altars:

Annotations:
D:4 Edmund


Innate Abilities, Weirdness & Mutations

You are immune to sickness and miasma.
You are immune to poison.
Your flesh is very heat resistant. (rF++)
You are vulnerable to cold. (rC-)
You float through the air rather than walking.
You learn spells naturally, not from books.
Your magical power is your life essence.
You have superior vitality. (+4 HP)


Message History

The foxfire hits Edmund.
Edmund resists.
Edmund is moderately wounded.
The foxfire hits Edmund but does no damage.
Edmund is moderately wounded.
Casting: Foxfire (safe; 3% risk of failure)
Confirm with . or Enter, or press ? or * to list all spells.
The spell is extremely dangerous to cast (32% risk of failure)!
Continue anyway? [Y]es or [N]o only, please.
The spell is extremely dangerous to cast (32% risk of failure)!
Continue anyway?
Okay, then.
Casting: Sticky Flame (extremely dangerous; 32% risk of failure)
Confirm with . or Enter, or press ? or * to list all spells.
The spell is extremely dangerous to cast (32% risk of failure)!
Continue anyway?
Aiming: Sticky Flame (extremely dangerous; 32% risk of failure)
Press: ? - help, Shift-Dir - straight line, f - Edmund
Aim: Edmund, wielding a +1 flail of protection and wearing a +1 ring mail of fire resistance (moderately wounded, ally target, 100% to hit)
The sticky flame hits Edmund.
Edmund resists.
Edmund is moderately wounded.
Edmund is covered in liquid flames!
Edmund burns!
The foxfire hits Edmund but does no damage.
Edmund is moderately wounded.
Edmund burns!
Edmund burns!
Edmund burns!
Edmund stops burning.
Casting: Sticky Flame (extremely dangerous; 32% risk of failure)
Confirm with . or Enter, or press ? or * to list all spells.
The spell is extremely dangerous to cast (32% risk of failure)!
Continue anyway?
Aiming: Sticky Flame (extremely dangerous; 32% risk of failure)
Press: ? - help, Shift-Dir - straight line, f/p - Edmund
Aim: Edmund, wielding a +1 flail of protection and wearing a +1 ring mail of fire resistance (heavily wounded, 100% to hit)
You miscast Sticky Flame.
You are very lightly contaminated with residual magic.
You feel a strange surge of energy!
* * * LOW HITPOINT WARNING * * *
x2 Edmund closely misses you.
Okay, then.
It was a potion of attraction.
You feel attractive to monsters.
Edmund hits you with a +1 flail of protection!
You die...

...# #.# #.............
...# #.# #............#
...# #.# #...........>.
...####.# #.............
......#.# #..........#
......#.# #..........#
......#.# #.....######
......#.## #..@..#
......'..# #..@..#
......####.# #.....#
......# #.# #.....#
......# #.# #.....#
......# #.# #.†...#
####### #.# #.....# #.#
#.....# #.# #.....#####.#
##########.######)........


You could see Edmund.

Vanquished Creatures
  4 adders
  A worm (D:4)
  6 orcs
  4 ball pythons
  7 endoplasms
  6 giant cockroaches
  5 goblins
  3 hobgoblins (D:1)
  5 quokkas
  2 bats (D:2)
  A frilled lizard (D:2)
  3 kobolds
  7 rats
54 creatures vanquished.

Vanquished Creatures (collateral kills)
  A foxfire (D:3)
1 creature vanquished.

Vanquished Creatures (others)
  298 foxfires
  4 toadstools (D:1)
302 creatures vanquished.

Grand Total: 357 creatures vanquished

Notes
Turn   | Place    | Note
-------+----------+-------------------------------------------
     0 | D:1      | robertstho the Djinni Fire Elementalist began the quest for
                  | the Orb.
     0 | D:1      | Reached XP level 1. HP: 15/15 MP: 0/0
   356 | D:1      | Reached XP level 2. HP: 12/21 MP: 0/0
  1118 | D:1      | Reached skill level 3 in Spellcasting
  1123 | D:1      | Reached XP level 3. HP: 15/25 MP: 0/0
  1123 | D:1      | Learned a level 1 spell: Magic Dart
  1843 | D:2      | Found a faded altar of an unknown god.
  2690 | D:3      | Reached XP level 4. HP: 23/31 MP: 0/0
  4361 | D:4      | Reached XP level 5. HP: 33/35 MP: 0/0
  4361 | D:4      | Learned a level 2 spell: Ensorcelled Hibernation
  4384 | D:4      | Noticed Edmund
  4404 | D:4      | Mangled by Edmund

Illustrated notes

Levels and vault maps discovered:
D:1:      ldierk_water_garden, layout_rooms, grunt_decor_clamped, st_stairs_2,
          dk_noncrumbling_4
D:2:      layout_loops_cross, shapermc_ecumenical_altar_pompeii,
          chequers_decorated_corner, kennysheep_cross_bottleneck
D:3:      layout_loops_corners, serial_bayou_pond_d
D:4:      layout_basic, ebering_ghost_sewer_f, minmay_fire_ice_demons,
          uniq_edmund

Skill      XL: |  1  2  3 |
---------------+----------+-----
Spellcasting   | 3 |  3.8
Stealth        | 2 |  2.2
Fighting       | |  0.2
Dodging        | |  2.4

Action                   |  1- 3 |  4- 6 || total
-------------------------+-------+-------++-------
Melee: Unarmed           |     4 |       ||     4
 Cast: Foxfire           |   101 |    78 ||   179
       Sticky Flame      |       |     1 ||     1
  Use: Potion            |       |     1 ||     1
Armor: Robe              |     7 |     2 ||     9
Dodge: Dodged            |    25 |     6 ||    31

Table legend: (Time is in decaauts)
 A = Elapsed time spent in this place.
 B = Non-inter-level travel time spent in this place.
 C = Inter-level travel time spent in this place.
 D = Time resting spent in this place.
 E = Time spent auto-exploring this place.
 F = Levels seen in this place.
 G = Mean time per level.
                   A        B        C        D        E       F      G
               +--------+--------+--------+--------+--------+-----+--------+
         Total |   4402 |   4330 |     72 |      0 |   3923 |   4 | 1100.5 |
       Dungeon |   4402 |   4330 |     72 |      0 |   3923 |   4 | 1100.5 |
               +--------+--------+--------+--------+--------+-----+--------+

Top non-repeatable levels by time:
     D:1: 1585 daAuts
     D:3: 1361 daAuts
     D:2: 1100 daAuts
     D:4: 355 daAuts
